 Dungeon Crawl Stone Soup version 0.30-a0-167-g62a5988fa7 (webtiles) character file.

Game seed: 9025682221605574520

14140 qw the Cleaver (level 12, -8/73 HPs)
             Began as a Gargoyle Fighter on Sept 29, 2022.
             Was an Elder of Okawaru.
             Mangled by a death yak (14 damage)
             ... on level 11 of the Dungeon.
             The game lasted 00:04:59 (10788 turns).

qw the Cleaver (Gargoyle Fighter)                  Turns: 10788, Time: 00:05:00

Health: -8/73      AC: 37    Str: 30    XL:     12   Next: 13%
Magic:  17/19      EV:  9    Int:  8    God:    Okawaru [****..]
Gold:   1083       SH: 18    Dex: 15    Spells: 11/11 levels left

rFire   + . .      SeeInvis .    b - +3 war axe (spect)
rCold   . . .      Faith    .    A - +0 tower shield
rNeg    + . .      Spirit   .    i - +2 plate armour {rF+}
rPois   inf        Reflect  .    g - +0 helmet
rElec   +          Harm     .    k - +0 cloak
rCorr   .          Rampage  .    t - +1 pair of gloves
Will    .....                    p - +0 pair of boots "Zokk" {Str+4 Stlth+}
Stlth   ..........               (no amulet)
HPRegen 0.22/turn                z - +4 ring of protection
MPRegen 0.16/turn                r - +6 ring of dexterity

@: heroic
A: sickness immunity, AC +8, negative energy resistance 1, electricity
resistance, torment resistance 1, petrification resistance, hooves 1, mutation
resistance 1
a: Renounce Religion, Heroism, Finesse


You were on level 11 of the Dungeon.
You worshipped Okawaru.
Okawaru was greatly pleased with you.
You visited 2 branches of the dungeon, and saw 12 of its levels.
You also visited: Sewer.

You collected 1083 gold pieces.


Innate Abilities, Weirdness & Mutations

You are immune to sickness and miasma.
Your stone body is resilient. (AC +8)
You are immune to poison.
You resist negative energy. (rN+)
You are resistant to electric shocks. (rElec)
You are resistant to unholy torment.
You are immune to petrification.
You have large cloven feet.
You are somewhat resistant to further mutation.


   Skills:
 - Level 8.0(13.0) Fighting
 - Level 11.0(16.0) Axes
 - Level 3.1(8.1) Throwing
 - Level 7.5(12.5) Armour
 - Level 2.0(7.0) Dodging
 + Level 9.2(14.2) Shields
 + Level 9.5 Invocations


You had 11 spell levels left.
You didn't know any spells.
Your spell library was empty.

Inventory:

Hand Weapons
 b - a +3 spectral war axe (weapon)
 q - a +2 hand axe of flaming
Missiles
 n - 3 silver boomerangs (quivered)
 o - 6 boomerangs
 x - 2 boomerangs of dispersal
Armour
 c - +0 acid dragon scales
 g - a +0 helmet (worn)
 i - a +2 plate armour of fire resistance (worn)
 k - a +0 cloak (worn)
 p - the +0 pair of boots "Zokk" (worn) {Str+4 Stlth+}
   (Okawaru gifted it to you on level 10 of the Dungeon)

   Str:       It affects your strength (+4).
   Stlth:     It makes you more stealthy.
 t - a +1 pair of gloves (worn)
 A - a +0 tower shield (worn)
Jewellery
 r - a +6 ring of dexterity (right hand)
 z - a +4 ring of protection (left hand)
Scrolls
 j - 4 scrolls of identify
 u - 2 scrolls of teleportation
 w - a scroll of brand weapon
Potions
 a - 3 potions of haste
 d - a potion of might
 e - 2 potions of mutation
 f - 3 potions of lignification
 h - 4 potions of cancellation
 l - 5 potions of curing
 m - 2 potions of attraction
 s - a potion of magic
 v - a potion of heal wounds

Dungeon Overview and Level Annotations

Branches:
Dungeon (11/15)            Temple (1/1) D:5            Lair (0/5) D:11
  Sewer (visited)
    Orc: D:9-12

Altars:
Ashenzari
Cheibriados
Dithmenos
Elyvilon
Fedhas
Gozag
Hepliaklqana
Kikubaaqudgha
Makhleb
Nemelex Xobeh
Okawaru
Qazlal
Ru
Sif Muna
Trog
Uskayaw
Vehumet
Wu Jian
Xom
Yredelemnul
Zin
The Shining One

Annotations:
D:5 1 runed translucent door, qw's ghost, novice GrFi
D:7 1 runed translucent door, Crazy Yiuf


Message History

Your +3 spectral war axe hits the death yak.
The death yak snorts and paws the ground.
The death yak gores you!
The death yak gores your +3 spectral war axe but does no damage.
The death yak closely misses your +3 spectral war axe.
The death yak gores your +3 spectral war axe but does no damage.
You hit the death yak but do no damage.
The death yak is almost dead.
You hit the death yak but do no damage.
Your +3 spectral war axe hits the death yak!!
Your +3 spectral war axe hits the death yak but does no damage.
Your +3 spectral war axe hits the death yak.
Your +3 spectral war axe hits the death yak!
The death yak gores you!
The death yak completely misses your +3 spectral war axe.
The death yak barely misses your +3 spectral war axe.
The death yak gores your +3 spectral war axe.
Your spectral weapon shares its damage with you!
You slash the death yak!
You kill the death yak!
Okawaru accepts your kill.
You slash the death yak!
Your +3 spectral war axe hits the death yak but does no damage. x2
Your +3 spectral war axe hits the death yak!
The death yak gores you.
You hit the death yak but do no damage.
The death yak is heavily wounded.
You hit the death yak. You barely miss the death yak.
You slash the death yak! x2
Your +3 spectral war axe hits the death yak! x2
The death yak gores you but does no damage. x2
You block the death yak's attack.
The death yak gores you but does no damage.
The death yak barely misses you.
You slash the death yak!
The death yak is heavily wounded.
You slash the death yak! You barely miss the death yak.
You slash the death yak! x2
Your +3 spectral war axe barely misses the death yak.
Your +3 spectral war axe hits the death yak.
The death yak gores you! x3
You die...

.# ..#..##.#.!## .# #
#.#..#$....... #. ##.
##......(...... .. ...
............(.
.###.#######............
........##......ยค.....>.
........## #............
<.......##.##..YYY#.....
.)......##.#(###@Y?.....
........##....##(Y......
#.......####.###########
#.......# #.# #########
#.# #.# ## #######.# .#
#.....#.# .# #.###.#.#


You could see 5 death yaks and a friendly +3 spectral war axe (summoned).

Vanquished Creatures
  3 two-headed ogres
  3 death yaks (D:11)
  Sonja (D:10)
  Amaemon (D:10)
  Pikel (D:8)
  A cyclops (D:11)
  Maurice (D:10)
  An orange demon (D:10)
  A wyvern (D:9)
  14 yaks
  2 shadows (D:10)
  A vampire (D:11)
  2 steam dragons
  Grum (D:8)
  Edmund (D:4)
  Duvessa (D:7)
  2 water moccasins
  3 acid dragons
  4 orc warriors
  2 sky beasts (D:8)
  An ice beast (D:6)
  4 ogres
  4 wolves (D:8)
  3 centaurs
  3 phantoms
  4 lemures (D:8)
  3 kobold brigands
  3 bullfrogs
  A gnoll sergeant (D:5)
  2 necrophages (D:4)
  3 scorpions
  15 wights
  Dowan (D:7)
  2 jellies
  7 orc priests
  4 gnoll boudas
  4 hounds
  3 iguanas
  7 orc wizards
  17 gnolls
  16 adders
  4 river rats (Sewer)
  A shadow imp (D:8)
  A white imp (D:6)
  An ufetubus (D:5)
  3 worms
  A dart slug (D:1)
  29 orcs
  5 ball pythons
  7 endoplasms
  2 giant cockroaches (D:1)
  5 goblins
  13 hobgoblins
  10 jackals
  24 kobolds
  2 quokkas
  9 bats
  11 frilled lizards
  12 rats
293 creatures vanquished.

Notes
Turn   | Place    | Note
-------+----------+-------------------------------------------
     0 | D:1      | qw the Gargoyle Fighter began the quest for the Orb.
     0 | D:1      | Reached XP level 1. HP: 14/14 MP: 1/1
     0 | D:1      | 0 ||| qw: Version: 0.2-a-12-gaebbb33
     0 | D:1      | 0 ||| qw: Game counter: 1067
     0 | D:1      | 0 ||| qw: Always use a shield: true
     0 | D:1      | 0 ||| qw: God list: Okawaru
     0 | D:1      | 0 ||| qw: Allow faded altars: false
     0 | D:1      | 0 ||| qw: Do Orc after D:15 true
     0 | D:1      | 0 ||| qw: Do second Lair branch before Depths: true
     0 | D:1      | 0 ||| qw: Lair rune preference: random
     0 | D:1      | 0 ||| qw: Plans: Normal, Zot:1-4, God:TSO, Crypt, Tomb,
                  | Pan, Slime:5, Hells, Abyss, Orb
     0 | D:1      | 0 ||| PLANNING D:1-11
   128 | D:1      | Reached skill level 2 in Axes
   263 | D:1      | 263 ||| Stepping ~*~*~tactically~*~*~ (stealth).
   266 | D:1      | Reached XP level 2. HP: 19/19 MP: 2/2
   373 | D:1      | 373 ||| DROPPING +0 club.
   395 | D:1      | 395 ||| Stepping ~*~*~tactically~*~*~ (stealth).
   467 | D:1      | 467 ||| Stepping ~*~*~tactically~*~*~ (stealth).
   524 | D:1      | 524 ||| Stepping ~*~*~tactically~*~*~ (stealth).
   539 | D:1      | Found a faded altar of an unknown god.
   659 | D:1      | Reached skill level 3 in Axes
   787 | D:1      | 787 ||| UPGRADING to ring of positive energy.
   788 | D:1      | 788 ||| READING scroll labelled HIVVYLIFEU.
   789 | D:1      | 789 ||| READING scroll labelled LORAOTU ZITEMN.
   790 | D:1      | 790 ||| READING 2 scrolls labelled MATTIT KIMPI.
   794 | D:1      | 794 ||| READING scroll labelled RIQEPE MODIA.
   826 | D:2      | Reached XP level 3. HP: 23/23 MP: 3/3
   836 | D:2      | Found a glowing silver altar of Zin.
   907 | D:2      | 907 ||| Stepping ~*~*~tactically~*~*~ (stealth).
   920 | D:2      | 920 ||| FLEEEEING.
   921 | D:2      | 921 ||| FLEEEEING.
   922 | D:2      | 922 ||| FLEEEEING.
   923 | D:2      | 923 ||| FLEEEEING.
   924 | D:2      | 924 ||| FLEEEEING.
   925 | D:2      | 925 ||| FLEEEEING.
   939 | D:2      | 939 ||| FLEEEEING.
   940 | D:2      | 940 ||| FLEEEEING.
  1077 | D:2      | Reached XP level 4. HP: 28/28 MP: 4/4
  1290 | D:2      | 1290 ||| Stepping ~*~*~tactically~*~*~ (stealth).
  1293 | D:2      | Reached skill level 4 in Axes
  1468 | D:2      | 1468 ||| Stepping ~*~*~tactically~*~*~ (stealth).
  1766 | D:2      | 1766 ||| UPGRADING to +0 helmet.
  1771 | D:2      | 1771 ||| READING scroll labelled PYRUMM TORGH.
  1772 | D:2      | 1772 ||| DRINKING 2 yellow potions.
  1772 | D:2      | Gained mutation: You have large cloven feet. [potion of
                  | mutation]
  1772 | D:2      | Gained mutation: You are somewhat resistant to further
                  | mutation. [potion of mutation]
  1773 | D:2      | 1773 ||| READING 2 scrolls of identify.
  1773 | D:2      | 1773 ||| IDENTIFYING fizzy brown potion
  1788 | D:3      | 1788 ||| STAIRDANCE
  1796 | D:3      | 1796 ||| Stepping ~*~*~tactically~*~*~ (hiding).
  2106 | D:3      | Noticed a phantom
  2122 | D:3      | Killed a phantom
  2123 | D:3      | Reached skill level 5 in Axes
  2123 | D:3      | Reached XP level 5. HP: 17/32 MP: 5/5
  2741 | D:3      | 2741 ||| UPGRADING to +1 scale mail of poison resistance.
  2751 | D:3      | 2751 ||| DROPPING +0 scale mail.
  2752 | D:3      | 2752 ||| DROPPING +0 ring mail of willpower.
  2753 | D:3      | 2753 ||| UPGRADING to +1 pair of gloves.
  2758 | D:3      | 2758 ||| UPGRADING to +0 chain mail.
  2768 | D:3      | 2768 ||| DROPPING +1 scale mail of poison resistance.
  2769 | D:3      | 2769 ||| UPGRADING to +6 ring of dexterity.
  2770 | D:3      | 2770 ||| READING scroll labelled DAOHOY SUTE.
  2771 | D:3      | 2771 ||| READING scroll labelled TYROT GOWA.
  2772 | D:3      | 2772 ||| READING scroll labelled VOBANW JAGOI.
  2773 | D:3      | 2773 ||| READING 4 scrolls of identify.
  2773 | D:3      | 2773 ||| IDENTIFYING smoky silvery potion
  2774 | D:3      | 2774 ||| READING 3 scrolls of identify.
  2774 | D:3      | 2774 ||| IDENTIFYING metallic red potion
  2775 | D:3      | 2775 ||| READING 2 scrolls of identify.
  2775 | D:3      | 2775 ||| IDENTIFYING fuming orange potion
  2776 | D:3      | 2776 ||| DROPPING potion of berserk rage.
  2803 | D:4      | Reached skill level 1 in Dodging
  2803 | D:4      | Reached XP level 6. HP: 37/37 MP: 6/6
  2831 | D:4      | Noticed a water moccasin
  2835 | D:4      | Killed a water moccasin
  2923 | D:4      | Reached XP level 7. HP: 44/44 MP: 7/7
  3097 | D:4      | Noticed Edmund
  3104 | D:4      | Reached skill level 6 in Axes
  3109 | D:4      | Killed Edmund
  3111 | D:4      | 3111 ||| FLEEEEING.
  3112 | D:4      | 3112 ||| FLEEEEING.
  3113 | D:4      | 3113 ||| FLEEEEING.
  3114 | D:4      | 3114 ||| FLEEEEING.
  3115 | D:4      | 3115 ||| FLEEEEING.
  3118 | D:4      | 3118 ||| FLEEEEING.
  3119 | D:4      | 3119 ||| FLEEEEING.
  3122 | D:4      | 3122 ||| FLEEEEING.
  3123 | D:4      | 3123 ||| FLEEEEING.
  3124 | D:4      | 3124 ||| FLEEEEING.
  3321 | D:4      | 3321 ||| Stepping ~*~*~tactically~*~*~ (stealth).
  3322 | D:4      | 3322 ||| Stepping ~*~*~tactically~*~*~ (stealth).
  3323 | D:4      | 3323 ||| Stepping ~*~*~tactically~*~*~ (stealth).
  3492 | D:4      | 3492 ||| Stepping ~*~*~tactically~*~*~ (stealth).
  3703 | D:4      | 3703 ||| READING scroll labelled UGGOSA YPOTA.
  3703 | D:4      | Identified a scroll of acquirement
  3703 | D:4      | 3703 ||| ACQUIRING 479 gold pieces
  3703 | D:4      | Acquired 479 gold pieces
  3705 | D:4      | 3705 ||| READING 2 scrolls of identify.
  3705 | D:4      | 3705 ||| IDENTIFYING golden potion
  3764 | D:5      | Entered Level 5 of the Dungeon
  3768 | D:5      | 3768 ||| STAIRDANCE
  3786 | D:5      | Reached skill level 7 in Axes
  3786 | D:5      | Reached XP level 8. HP: 43/48 MP: 8/8
  3831 | D:5      | 3831 ||| DROPPING +0 mace.
  3921 | D:5      | Found a white marble altar of Elyvilon.
  4023 | D:5      | Found a staircase to the Ecumenical Temple.
  4024 | D:5      | 4024 ||| PLANNING TEMPLE
  4032 | Temple   | Entered the Ecumenical Temple
  4101 | Temple   | 4101 ||| PLANNING OKAWARU WORSHIP
  4209 | Temple   | Became a worshipper of Warmaster Okawaru
  4210 | Temple   | 4210 ||| PLANNING D:1-11
  4393 | D:5      | Found a runed translucent door.
  4396 | D:5      | Noticed qw's ghost (novice GrFi)
  4419 | D:5      | 4419 ||| READING 3 scrolls of teleportation.
  4713 | D:5      | 4713 ||| READING scroll labelled VUDANU HOLIY.
  4715 | D:5      | 4715 ||| READING 2 scrolls of teleportation.
  4795 | D:5      | 4795 ||| READING scroll of teleportation.
  4854 | D:5      | 4854 ||| Stepping randomly (stuck).
  4855 | D:5      | 4855 ||| Stepping randomly (stuck).
  4856 | D:5      | 4856 ||| Stepping randomly (stuck).
  4857 | D:5      | 4857 ||| Stepping randomly (stuck).
  4858 | D:5      | 4858 ||| Stepping randomly (stuck).
  4859 | D:5      | 4859 ||| Stepping randomly (stuck).
  4860 | D:5      | 4860 ||| Stepping randomly (stuck).
  4861 | D:5      | 4861 ||| Stepping randomly (stuck).
  4862 | D:5      | 4862 ||| Stepping randomly (stuck).
  4863 | D:5      | 4863 ||| Stepping randomly (stuck).
  4864 | D:5      | 4864 ||| Stepping randomly (stuck).
  4866 | D:5      | 4866 ||| Stepping randomly (stuck).
  4867 | D:5      | 4867 ||| Stepping randomly (stuck).
  4873 | D:5      | Reached skill level 8 in Axes
  4917 | D:5      | 4917 ||| Stepping randomly (stuck).
  4918 | D:5      | 4918 ||| Stepping randomly (stuck).
  4919 | D:5      | 4919 ||| Stepping randomly (stuck).
  4920 | D:5      | 4920 ||| Stepping randomly (stuck).
  4944 | D:5      | Reached skill level 6 in Fighting
  4944 | D:5      | Reached * piety under Okawaru
  5023 | D:5      | 5023 ||| FLEEEEING.
  5126 | D:5      | 5126 ||| Stepping ~*~*~tactically~*~*~ (stealth).
  5150 | D:5      | 5150 ||| Stepping randomly (stuck).
  5151 | D:5      | 5151 ||| Stepping randomly (stuck).
  5153 | D:5      | 5153 ||| Stepping randomly (stuck).
  5154 | D:5      | 5154 ||| Stepping randomly (stuck).
  5155 | D:5      | 5155 ||| Stepping randomly (stuck).
  5156 | D:5      | 5156 ||| Stepping randomly (stuck).
  5157 | D:5      | 5157 ||| Stepping randomly (stuck).
  5158 | D:5      | 5158 ||| Stepping randomly (stuck).
  5159 | D:5      | 5159 ||| Stepping randomly (stuck).
  5160 | D:5      | 5160 ||| Stepping randomly (stuck).
  5161 | D:5      | 5161 ||| Stepping randomly (stuck).
  5162 | D:5      | 5162 ||| Stepping randomly (stuck).
  5163 | D:5      | 5163 ||| Stepping randomly (stuck).
  5164 | D:5      | 5164 ||| Stepping randomly (stuck).
  5166 | D:5      | 5166 ||| Stepping randomly (stuck).
  5168 | D:5      | 5168 ||| Stepping randomly (stuck).
  5169 | D:5      | 5169 ||| Stepping randomly (stuck).
  5170 | D:5      | 5170 ||| Stepping randomly (stuck).
  5171 | D:5      | 5171 ||| Stepping randomly (stuck).
  5172 | D:5      | 5172 ||| Stepping randomly (stuck).
  5174 | D:5      | 5174 ||| Stepping randomly (stuck).
  5175 | D:5      | 5175 ||| Stepping randomly (stuck).
  5176 | D:5      | 5176 ||| Stepping randomly (stuck).
  5177 | D:5      | 5177 ||| Stepping randomly (stuck).
  5178 | D:5      | 5178 ||| Stepping randomly (stuck).
  5179 | D:5      | 5179 ||| Stepping randomly (stuck).
  5180 | D:5      | 5180 ||| Stepping randomly (stuck).
  5181 | D:5      | 5181 ||| Stepping randomly (stuck).
  5182 | D:5      | 5182 ||| Stepping randomly (stuck).
  5183 | D:5      | 5183 ||| Stepping randomly (stuck).
  5184 | D:5      | 5184 ||| Stepping randomly (stuck).
  5185 | D:5      | 5185 ||| Stepping randomly (stuck).
  5186 | D:5      | 5186 ||| Stepping randomly (stuck).
  5190 | D:5      | 5190 ||| Stepping ~*~*~tactically~*~*~ (stealth).
  5208 | D:5      | 5208 ||| UPGRADING to +2 plate armour of fire resistance.
  5218 | D:5      | 5218 ||| DROPPING +0 chain mail.
  5219 | D:5      | 5219 ||| Stepping randomly (stuck).
  5221 | D:5      | 5221 ||| Stepping randomly (stuck).
  5222 | D:5      | 5222 ||| Stepping randomly (stuck).
  5223 | D:5      | 5223 ||| Stepping randomly (stuck).
  5224 | D:5      | 5224 ||| Stepping randomly (stuck).
  5225 | D:5      | 5225 ||| Stepping randomly (stuck).
  5226 | D:5      | 5226 ||| Stepping randomly (stuck).
  5227 | D:5      | 5227 ||| Stepping randomly (stuck).
  5228 | D:5      | 5228 ||| Stepping randomly (stuck).
  5229 | D:5      | 5229 ||| Stepping randomly (stuck).
  5230 | D:5      | 5230 ||| Stepping randomly (stuck).
  5231 | D:5      | 5231 ||| Stepping randomly (stuck).
  5232 | D:5      | 5232 ||| Stepping randomly (stuck).
  5233 | D:5      | 5233 ||| Stepping randomly (stuck).
  5234 | D:5      | 5234 ||| Stepping randomly (stuck).
  5235 | D:5      | 5235 ||| Stepping randomly (stuck).
  5236 | D:5      | 5236 ||| Stepping randomly (stuck).
  5237 | D:5      | 5237 ||| Stepping randomly (stuck).
  5238 | D:5      | 5238 ||| Stepping randomly (stuck).
  5252 | D:5      | 5252 ||| Stepping randomly (stuck).
  5270 | D:5      | Reached skill level 1 in Invocations
  5305 | D:5      | 5305 ||| INVOKING Heroism.
  5321 | D:5      | 5321 ||| INVOKING Heroism.
  5324 | D:5      | Reached XP level 9. HP: 44/55 MP: 5/10
  5486 | D:6      | 5486 ||| PLANNING SEWER
  5519 | D:6      | 5519 ||| INVOKING Heroism.
  5523 | D:6      | Reached skill level 1 in Throwing
  5523 | D:6      | Reached skill level 3 in Invocations
  5557 | D:6      | Found an ancient bone altar of Kikubaaqudgha.
  5565 | D:6      | Found a glowing golden altar of the Shining One.
  5575 | D:6      | 5575 ||| INVOKING Heroism.
  5719 | D:6      | 5719 ||| READING scroll of enchant weapon.
  5719 | D:6      | 5719 ||| ENCHANTING +1 war axe of protection.
  5748 | D:6      | 5748 ||| INVOKING Heroism.
  5754 | D:6      | 5754 ||| Stepping ~*~*~tactically~*~*~ (hiding).
  5756 | D:6      | 5756 ||| Stepping ~*~*~tactically~*~*~ (hiding).
  5765 | D:6      | 5765 ||| INVOKING Heroism.
  5882 | D:6      | Found a glowing drain.
  5883 | D:6      | 5883 ||| UPGRADING to +0 pair of boots.
  5888 | D:6      | 5888 ||| READING scroll labelled HIEJIY MEOHAI.
  5889 | D:6      | 5889 ||| READING scroll labelled QOVOER ZIJ BIOC.
  5890 | D:6      | 5890 ||| DRINKING 4 metallic yellow potions.
  5891 | D:6      | 5891 ||| DRINKING 2 cyan potions.
  5892 | D:6      | 5892 ||| READING 2 scrolls of identify.
  5892 | D:6      | 5892 ||| IDENTIFYING dark potion
  5893 | D:6      | 5893 ||| DROPPING potion of flight.
  5902 | Sewer    | Entered a sewer
  6018 | Sewer    | 6018 ||| INVOKING Heroism.
  6236 | Sewer    | 6236 ||| READING scroll of brand weapon.
  6236 | Sewer    | 6236 ||| BRANDING +2 war axe of protection.
  6237 | Sewer    | 6237 ||| DRINKING 2 fizzy coppery potions.
  6238 | Sewer    | 6238 ||| READING 3 scrolls of identify.
  6238 | Sewer    | 6238 ||| IDENTIFYING purple potion
  6239 | Sewer    | 6239 ||| DROPPING potion of brilliance.
  6240 | Sewer    | 6240 ||| DROPPING potion of ambrosia.
  6291 | D:6      | 6291 ||| PLANNING D:1-11
  6338 | D:7      | 6338 ||| READING scroll of enchant weapon.
  6338 | D:7      | 6338 ||| ENCHANTING +2 vorpal war axe.
  6357 | D:7      | Noticed Dowan
  6358 | D:7      | 6358 ||| Stepping ~*~*~tactically~*~*~ (stealth).
  6361 | D:7      | Noticed Duvessa
  6362 | D:7      | 6362 ||| INVOKING Heroism.
  6363 | D:7      | 6363 ||| Stepping ~*~*~tactically~*~*~ (stealth).
  6369 | D:7      | Killed Duvessa
  6373 | D:7      | Killed Dowan
  6495 | D:7      | Noticed a two-headed ogre
  6496 | D:7      | 6496 ||| INVOKING Heroism.
  6504 | D:7      | Killed a two-headed ogre
  6504 | D:7      | Reached ** piety under Okawaru
  6505 | D:7      | Reached skill level 9 in Axes
  6543 | D:7      | 6543 ||| DROPPING +0 flail.
  6612 | D:7      | 6612 ||| INVOKING Heroism.
  6676 | D:7      | Found a runed translucent door.
  6677 | D:7      | Noticed Crazy Yiuf
  6942 | D:7      | 6942 ||| Stepping ~*~*~tactically~*~*~ (hiding).
  6949 | D:7      | Reached skill level 6 in Armour
  7160 | D:8      | 7160 ||| Stepping ~*~*~tactically~*~*~ (stealth).
  7161 | D:8      | Noticed a two-headed ogre
  7162 | D:8      | 7162 ||| INVOKING Heroism.
  7164 | D:8      | 7164 ||| Stepping ~*~*~tactically~*~*~ (stealth).
  7165 | D:8      | 7165 ||| Stepping ~*~*~tactically~*~*~ (stealth).
  7170 | D:8      | Killed a two-headed ogre
  7171 | D:8      | Reached XP level 10. HP: 60/60 MP: 11/13
  7232 | D:8      | 7232 ||| INVOKING Heroism.
  7243 | D:8      | Reached *** piety under Okawaru
  7338 | D:8      | 7338 ||| Stepping ~*~*~tactically~*~*~ (stealth).
  7347 | D:8      | 7347 ||| INVOKING Heroism.
  7349 | D:8      | Reached skill level 10 in Axes
  7626 | D:8      | 7626 ||| Stepping ~*~*~tactically~*~*~ (stealth).
  7628 | D:8      | 7628 ||| Stepping ~*~*~tactically~*~*~ (stealth).
  7634 | D:8      | 7634 ||| INVOKING Heroism.
  7642 | D:8      | Noticed Grum
  7644 | D:8      | Received a gift from Okawaru
  7649 | D:8      | Killed Grum
  7653 | D:8      | 7653 ||| INVOKING Heroism.
  7687 | D:8      | 7687 ||| Stepping ~*~*~tactically~*~*~ (stealth).
  7688 | D:8      | 7688 ||| Stepping ~*~*~tactically~*~*~ (stealth).
  7689 | D:8      | 7689 ||| Stepping ~*~*~tactically~*~*~ (stealth).
  7690 | D:8      | 7690 ||| INVOKING Heroism.
  7863 | D:8      | Noticed Pikel
  7864 | D:8      | 7864 ||| Stepping ~*~*~tactically~*~*~ (stealth).
  7870 | D:8      | 7870 ||| Stepping ~*~*~tactically~*~*~ (stealth).
  7885 | D:8      | 7885 ||| Stepping ~*~*~tactically~*~*~ (stealth).
  7887 | D:8      | 7887 ||| Stepping ~*~*~tactically~*~*~ (stealth).
  7894 | D:8      | 7894 ||| Stepping ~*~*~tactically~*~*~ (stealth).
  7914 | D:8      | Killed Pikel
  7914 | D:8      | Reached **** piety under Okawaru
  7982 | D:8      | 7982 ||| Stepping ~*~*~tactically~*~*~ (stealth).
  8130 | D:8      | 8130 ||| READING scroll of brand weapon.
  8130 | D:8      | 8130 ||| BRANDING +3 vorpal war axe.
  8244 | D:8      | 8244 ||| READING scroll labelled IGOGIROUFI.
  8345 | D:8      | 8345 ||| READING 3 scrolls of identify.
  8345 | D:8      | 8345 ||| IDENTIFYING lumpy purple potion
  8450 | D:9      | 8450 ||| INVOKING Heroism.
  8454 | D:9      | Reached skill level 3 in Throwing
  8456 | D:9      | Reached XP level 11. HP: 67/68 MP: 11/14
  8478 | D:9      | Noticed a two-headed ogre
  8479 | D:9      | 8479 ||| INVOKING Heroism.
  8487 | D:9      | Killed a two-headed ogre
  8487 | D:9      | Reached ***** piety under Okawaru
  8519 | D:9      | 8519 ||| Stepping ~*~*~tactically~*~*~ (stealth).
  8526 | D:9      | 8526 ||| INVOKING Heroism.
  8705 | D:9      | 8705 ||| Stepping ~*~*~tactically~*~*~ (stealth).
  8707 | D:9      | 8707 ||| Stepping ~*~*~tactically~*~*~ (hiding).
  8710 | D:9      | 8710 ||| Stepping ~*~*~tactically~*~*~ (hiding).
  8713 | D:9      | 8713 ||| INVOKING Heroism.
  8747 | D:9      | 8747 ||| Stepping ~*~*~tactically~*~*~ (stealth).
  8750 | D:9      | 8750 ||| Stepping ~*~*~tactically~*~*~ (stealth).
  8754 | D:9      | 8754 ||| Stepping ~*~*~tactically~*~*~ (stealth).
  8760 | D:9      | Reached skill level 11 in Axes
  8764 | D:9      | 8764 ||| Stepping ~*~*~tactically~*~*~ (stealth).
  8785 | D:9      | 8785 ||| Stepping ~*~*~tactically~*~*~ (stealth).
  8786 | D:9      | 8786 ||| Stepping ~*~*~tactically~*~*~ (stealth).
  8800 | D:9      | 8800 ||| Stepping ~*~*~tactically~*~*~ (stealth).
  8802 | D:9      | 8802 ||| INVOKING Heroism.
  8809 | D:9      | Received a gift from Okawaru
  8810 | D:9      | Reached skill level 6 in Invocations
  8881 | D:9      | 8881 ||| Stepping ~*~*~tactically~*~*~ (stealth).
  8882 | D:9      | 8882 ||| Stepping ~*~*~tactically~*~*~ (stealth).
  8931 | D:9      | 8931 ||| Stepping ~*~*~tactically~*~*~ (stealth).
  8934 | D:9      | 8934 ||| Stepping ~*~*~tactically~*~*~ (stealth).
  8938 | D:9      | 8938 ||| Stepping ~*~*~tactically~*~*~ (stealth).
  8939 | D:9      | 8939 ||| INVOKING Heroism.
  8980 | D:9      | 8980 ||| Stepping ~*~*~tactically~*~*~ (stealth).
  8993 | D:9      | 8993 ||| Stepping ~*~*~tactically~*~*~ (stealth).
  9013 | D:9      | 9013 ||| Stepping ~*~*~tactically~*~*~ (stealth).
  9014 | D:9      | 9014 ||| Stepping ~*~*~tactically~*~*~ (stealth).
  9017 | D:9      | 9017 ||| Stepping ~*~*~tactically~*~*~ (stealth).
  9333 | D:9      | 9333 ||| Stepping ~*~*~tactically~*~*~ (stealth).
  9336 | D:9      | 9336 ||| INVOKING Heroism.
  9338 | D:9      | 9338 ||| Stepping ~*~*~tactically~*~*~ (hiding).
  9342 | D:9      | 9342 ||| Stepping ~*~*~tactically~*~*~ (hiding).
  9386 | D:9      | 9386 ||| UPGRADING to +0 tower shield.
  9396 | D:9      | 9396 ||| DROPPING +0 buckler.
  9397 | D:9      | 9397 ||| UPGRADING to +4 ring of protection.
  9399 | D:9      | 9399 ||| DROPPING ring of positive energy.
  9421 | D:10     | Entered Level 10 of the Dungeon
  9422 | D:10     | 9422 ||| STAIRDANCE
  9427 | D:10     | 9427 ||| INVOKING Heroism.
  9429 | D:10     | Reached skill level 6 in Shields
  9469 | D:10     | 9469 ||| INVOKING Heroism.
  9479 | D:10     | Received a gift from Okawaru
  9611 | D:10     | 9611 ||| INVOKING Heroism.
  9613 | D:10     | 9613 ||| Stepping ~*~*~tactically~*~*~ (hiding).
  9622 | D:10     | Noticed Amaemon
  9631 | D:10     | HP: 17/68 [steam dragon (4)]
  9632 | D:10     | 9632 ||| READING 3 scrolls of teleportation.
  9633 | D:10     | 9633 ||| DRINKING potion of heal wounds.
  9634 | D:10     | Identified the +0 pair of boots "Zokk" {Str+4 Stlth+}
                  | (Okawaru gifted it to you on level 10 of the Dungeon)
  9634 | D:10     | Received a gift from Okawaru
  9635 | D:10     | Killed Amaemon
  9828 | D:10     | Noticed Sonja
  9829 | D:10     | 9829 ||| INVOKING Finesse.
  9835 | D:10     | 9835 ||| INVOKING Heroism.
  9843 | D:10     | Killed Sonja
 10046 | D:10     | 10046 ||| DROPPING +0 morningstar.
 10053 | D:10     | 10053 ||| DROPPING +1 demon whip of venom.
 10098 | D:10     | 10098 ||| FLEEEEING.
 10099 | D:10     | 10099 ||| FLEEEEING.
 10100 | D:10     | 10100 ||| FLEEEEING.
 10101 | D:10     | 10101 ||| FLEEEEING.
 10102 | D:10     | 10102 ||| FLEEEEING.
 10103 | D:10     | 10103 ||| FLEEEEING.
 10104 | D:10     | 10104 ||| FLEEEEING.
 10105 | D:10     | 10105 ||| FLEEEEING.
 10106 | D:10     | 10106 ||| FLEEEEING.
 10107 | D:10     | 10107 ||| FLEEEEING.
 10108 | D:10     | 10108 ||| FLEEEEING.
 10109 | D:10     | 10109 ||| FLEEEEING.
 10110 | D:10     | 10110 ||| FLEEEEING.
 10111 | D:10     | 10111 ||| FLEEEEING.
 10112 | D:10     | 10112 ||| STAIRDANCE
 10203 | D:9      | 10203 ||| UPGRADING to +0 pair of boots "Zokk" {Str+4
                  | Stlth+}.
 10213 | D:9      | 10213 ||| DROPPING +0 pair of boots.
 10214 | D:9      | 10214 ||| READING scroll labelled KINWYP WOXO.
 10310 | D:10     | Found a stormy altar of Qazlal.
 10318 | D:10     | 10318 ||| INVOKING Heroism.
 10472 | D:10     | Noticed Maurice
 10485 | D:10     | 10485 ||| DRINKING 6 potions of curing.
 10485 | D:10     | 10485 ||| (to cure confusion)
 10488 | D:10     | Killed Maurice
 10577 | D:10     | 10577 ||| UPGRADING to +0 cloak.
 10665 | D:11     | Noticed a cyclops
 10666 | D:11     | 10666 ||| INVOKING Heroism.
 10667 | D:11     | Noticed a death yak
 10668 | D:11     | 10668 ||| Stepping ~*~*~tactically~*~*~ (stealth).
 10675 | D:11     | Killed a cyclops
 10722 | D:11     | Noticed a death yak
 10723 | D:11     | 10723 ||| INVOKING Heroism.
 10732 | D:11     | Killed a death yak
 10733 | D:11     | Reached skill level 9 in Invocations
 10733 | D:11     | Reached XP level 12. HP: 57/73 MP: 16/18
 10774 | D:11     | Noticed a death yak
 10775 | D:11     | 10775 ||| Stepping ~*~*~tactically~*~*~ (stealth).
 10775 | D:11     | Found a staircase to the Lair.
 10775 | D:11     | Noticed a death yak
 10775 | D:11     | Noticed a death yak
 10776 | D:11     | 10776 ||| INVOKING Heroism.
 10776 | D:11     | Noticed a death yak
 10776 | D:11     | Noticed a death yak
 10777 | D:11     | 10777 ||| Stepping ~*~*~tactically~*~*~ (stealth).
 10779 | D:11     | Noticed a death yak
 10781 | D:11     | Killed a death yak
 10782 | D:11     | Reached skill level 9 in Shields
 10786 | D:11     | Killed a death yak
 10788 | D:11     | HP: 6/73 [death yak (14)]
 10788 | D:11     | Mangled by a death yak

Levels and vault maps discovered:
D:1:      nicolae_arrival_somewhat_less_tricky_arrival, layout_rooms,
          shapermc_ecumenical_altar_starsandcircs
D:2:      layout_basic, basic_altar, minmay_pentomino_w4
D:3:      layout_basic
D:4:      nicolae_cairo_tiling_very_big, layout_cave_pods, uniq_edmund
D:5:      kennysheep_windowed_halls, layout_rooms, elyvilon_altar_3,
          minmay_temple_entry_water_ring, ebering_ghost_reflecting_pool,
          serial_corexii_hall, corexii_hall_statues_deadend,
          corexii_hall_statues_t
D:6:      layout_rooms, mainiacjoe_overflow_alcove_2,
          mainiacjoe_overflow_brackets, portal_sewer_entry_d
D:7:      layout_loops_cross, nicolae_concentric_dashed_squares_wild,
          uniq_crazy_yiuf_cottage, uniq_duvessa
D:8:      layout_loops_cross, uniq_pikel, uniq_grum
D:9:      layout_loops_ring
D:10:     layout_big_octagon, general_overflow_altar, hangedman_decor_opposing,
          uniq_amaemon, uniq_maurice, uniq_sonja
D:11:     layout_loops_cross, dpeg_lair_monsters, hiddenorc2_lemuel
Temple:   regret_index_temple_mists

Skill      XL: |  1  2  3  4  5  6  7  8  9 10 11 12 |
---------------+-------------------------------------+-----
Axes           | 2 3 5 7 8 9 10 11 | 11.0
Dodging        | 1 2 |  2.0
Fighting       | 4 6 8 |  8.0
Armour         | 4 6 7 |  7.5
Invocations    | 2 4 9 |  9.5
Throwing       | 1 3 |  3.1
Shields        | 5 8 9 |  9.2

Action                   |  1- 3 |  4- 6 |  7- 9 | 10-12 || total
-------------------------+-------+-------+-------+-------++-------
Melee: War axe           |   105 |   117 |   263 |   245 ||   730
       Kick              |       |    17 |    44 |       ||    61
Throw: Boomerang         |       |       |    39 |    46 ||    85
       Javelin           |       |       |       |    17 ||    17
Invok: Heroism           |       |       |    11 |    20 ||    31
       Finesse           |       |       |       |     1 ||     1
  Use: Scroll            |     4 |     8 |    13 |     5 ||    30
       Potion            |       |     1 |     3 |     2 ||     6
 Stab: Distracted        |       |       |       |     4 ||     4
Armor: Scale mail        |    61 |    38 |       |       ||    99
       Chain mail        |       |    15 |    63 |       ||    78
       Plate armour      |       |       |    79 |   114 ||   193
Dodge: Dodged            |    59 |    43 |    79 |    80 ||   261
Block: Buckler           |    25 |    24 |    58 |    34 ||   141
       Tower shield      |       |       |       |    55 ||    55

Table legend:
 A = Non-vault XP
 B = Vault XP
 C = Vault XP percentage of total XP
 D = Non-vault monster count
 E = Vault monster count
 F = Vault count percentage of total count
                 A         B        C        D         E       F
            +---------+---------+-------+---------+---------+-------
      Total |   13072 |    7129 |  35.3 |     229 |      60 |  20.8
            +---------+---------+-------+---------+---------+-------
        D:1 |      32 |       0 |   0.0 |      18 |       0 |   0.0
        D:2 |      67 |      21 |  23.9 |      30 |       5 |  14.3
        D:3 |     159 |       0 |   0.0 |      16 |       0 |   0.0
        D:4 |     622 |     153 |  19.7 |      23 |       1 |   4.2
        D:5 |     584 |     732 |  55.6 |      13 |      20 |  60.6
        D:6 |     489 |      14 |   2.8 |      12 |       1 |   7.7
        D:7 |    1280 |     213 |  14.3 |      20 |       2 |   9.1
        D:8 |    3115 |    1294 |  29.3 |      28 |       6 |  17.6
        D:9 |    3055 |       0 |   0.0 |      39 |       0 |   0.0
       D:10 |    2934 |    2209 |  43.0 |      28 |       4 |  12.5
       D:11 |     735 |    2415 |  76.7 |       2 |       3 |  60.0
      Sewer |       0 |      78 | 100.0 |       0 |      18 | 100.0
            +---------+---------+-------+---------+---------+-------
